 Dungeon Sprint DCSS version 0.21-a0-286-g6fcecc0 (webtiles) character file.

10 potatolord6000 the Conjurer (level 2, -3/30 HPs)
             Began as a Demigod Conjurer on Sept 27, 2017.
             Slain by an iguana (14 damage)
             ... in the Dungeon (Sprint VII: "The Pits").
             The game lasted 00:01:05 (338 turns).

potatolord6000 the Conjurer (Demigod Conjurer)       Turns: 338, Time: 00:01:05

Health: -3/30      AC:  2    Str: 16    XL:     2   Next: 0%
Magic:  3/7        EV: 13    Int: 19    God:
Gold:   0          SH:  0    Dex: 16    Spells: 4/5 levels left

rFire    . . .     SeeInvis .   p - staff of energy
rCold    . . .     Gourm    .   (no shield)
rNeg     . . .     Faith    .   a - +0 robe
rPois    .         Spirit   .   (no helmet)
rElec    .         Reflect  .   (no cloak)
rCorr    .         Harm     .   (no gloves)
MR       .....     NoTele   +   (no boots)
Stlth    ..........             (no amulet)
HPRegen  0.10/turn              (no ring)
MPRegen  0.10/turn              (no ring)

@: berserking, very quick
A: high mp 1
a: no special abilities


You were in the Dungeon.
You were not hungry.

You visited 1 branch

Inventory:

Armour
 a - a +0 robe (worn)
Magical Staves
 p - an uncursed staff of energy (weapon)
Scrolls
 i - a scroll of blinking
 k - 3 scrolls of remove curse
 l - 5 scrolls of amnesia
 m - a scroll of summoning
Potions
 d - a potion of curing
 e - a potion of heal wounds
 f - a potion of haste
 g - 4 potions of magic
 h - 2 potions of berserk rage
 j - 2 potions of invisibility
Books
 b - a book of Conjurations

   Spells                             Type                      Level
   a - Magic Dart                     Conjuration                  1
   b - Searing Ray                    Conjuration                  2
   c - Dazzling Spray                 Conjuration/Hexes            3
   d - Fulminant Prism                Conjuration/Hexes            4
   e - Force Lance                    Conjuration/Translocation    4
   f - Iskenderun's Mystic Blast      Conjuration                  4
Comestibles
 c - 8 bread rations
 n - 40 fruits
 o - 7 meat rations


   Skills:
 + Level 1.1 Staves
 + Level 2.3 Dodging
 - Level 1.7 Stealth
 + Level 2.3 Spellcasting
 + Level 4.1 Conjurations
 + Level 1.4 Evocations


You had 4 spell levels left.
You knew the following spells:

 Your Spells              Type           Power        Failure   Level  Hunger
a - Magic Dart            Conj           ###.         3%          1    None


Dungeon Overview and Level Annotations

Branches:
Dungeon (1/1)


Innate Abilities, Weirdness & Mutations

You have an increased reservoir of magic. (+10% MP)


Message History

You hit the kobold.
You kill the kobold!
You have reached level 2!
An adder skeleton comes into view.
You hit the iguana.
The iguana is moderately wounded.
The iguana bites you.
Unknown command.
You hit the iguana!
The iguana is severely wounded.
The adder skeleton moves out of view.
Unknown command.
You hit the iguana but do no damage.
The iguana is severely wounded.
The iguana bites you!
Unknown command.
You barely miss the iguana.
The iguana is severely wounded.
The iguana bites you!
You die...

##########.##........
#..........†'........
#+#####'#####......#.
#.)#..# #........
#..'÷.# ####'####
#.†#### #.......#
#..# #.......# #..#
#.......# ##@#
#...<...#
#.Kl.....##.......#
#........##.......#
###########.......#
#########


You could see an iguana and a kobold.

Vanquished Creatures
  An adder skeleton (D)
  A bat zombie (D)
  2 goblins (D)
  A quokka (D)
  A ball python (D)
  A kobold (D)
7 creatures vanquished.

Notes
Turn   | Place    | Note
-------+----------+-------------------------------------------
     0 | D        | potatolord6000 the Demigod Conjurer began the quest for the Orb.
     0 | D        | Reached XP level 1. HP: 14/14 MP: 5/5
    86 | D        | Reached skill level 1 in Evocations
    92 | D        | Reached skill level 1 in Staves
    92 | D        | Reached skill level 4 in Conjurations
   332 | D        | Noticed an iguana
   334 | D        | Reached XP level 2. HP: 20/20 MP: 3/7
   338 | D        | Slain by an iguana

Vault maps used:
D:        pitsprint

Skill      XL: |  1 |
---------------+----+-----
Dodging        | 2 |  2.3
Spellcasting   | 2 |  2.3
Evocations     | 1 |  1.4
Staves         | 1 |  1.1
Conjurations   | 4 |  4.1
Stealth        | |  1.7

Action                   || total
-------------------------++-------
Melee: Staff             ||     9
 Cast: Magic Dart        ||    16
  Use: Potion            ||     1
Armor: Robe              ||     3
Dodge: Dodged            ||     9

Table legend:
 A = Spawn XP
 B = Non-spawn XP
 C = Spawn XP percentage of total XP
 D = Spawn monster count
 E = Non-spawn monster count
 F = Spawn count percentage of total count
 G = Total turns spent on level
                    A         B        C        D         E        F      G
               +---------+---------+-------+---------+---------+-------+---------
         Total |       0 |      15 |   0.0 |       0 |       7 |   0.0 |   338
               +---------+---------+-------+---------+---------+-------+---------
             D |       0 |      15 |   0.0 |       0 |       7 |   0.0 |   338
               +---------+---------+-------+---------+---------+-------+---------
